 Dungeon Crawl Stone Soup version 0.29-a0-321-gf1c400731a (webtiles) character file.

Game seed: 1022875901322367238

6828 Ijustatesigmund the Thaumaturge (level 10, 0/55 (58) HPs)
             Began as a Deep Elf Fire Elementalist on Apr 5, 2022.
             Slain by an ice devil (2 damage)
             ... summoned by an orc sorcerer
             ... in a bailey.
             The game lasted 00:34:10 (12991 turns).

Ijustatesigmund the Thaumaturge (DEFE)             Turns: 12991, Time: 00:34:12

HP:   0/55 (58)     AC:  7    Str:  5    XL:     10   Next: 77%
MP:   16/25         EV: 17    Int: 25    God:
Gold: 549           SH: 13    Dex: 19    Spells: 10/27 levels left

rFire   . . .      SeeInvis +   d - +2 dagger (vamp)
rCold   . . .      Faith    .   t - +2 buckler of Yredelemnul's Approval {+Inv rCorr Stlth-}
rNeg    . . .      Spirit   .   a - +0 robe
rPois   .          Reflect  +   (no helmet)
rElec   +          Harm     .   h - +0 cloak
rCorr   +          Rampage  .   m - +1 pair of gloves
Will    +....                   A - +1 pair of boots
Stlth   +++.......              j - amulet of Untruth {Reflect Dex+4 SH+5}
HPRegen 0.18/turn               e - ring "Quurgh" {rElec EV+4 SInv}
MPRegen 0.19/turn               B - ring of wizardry

@: studying Shields, drained
A: no striking features
a: Evoke Invisibility


You were in a bailey.
You visited 1 branch of the dungeon, and saw 10 of its levels.
You also visited: Sewer and Bailey.

You collected 549 gold pieces.

Inventory:

Hand Weapons
 d - a +2 vampiric dagger (weapon)
 C - the +12 spear of Impatience {pain, rF- rN+ Str+6 SInv}
   (You found it on level 5 of the Dungeon)

   In the hands of one skilled in necromantic magic, it inflicts extra damage on
   living creatures.
   Str:       It affects your strength (+6).
   rF:        It makes you vulnerable to fire.
   rN:        It protects you from negative energy.
   SInv:      It lets you see invisible.
Missiles
 g - 29 poisoned darts
Armour
 a - a +0 robe (worn)
 c - an orb of mayhem
 h - a +0 cloak (worn)
 m - a +1 pair of gloves (worn)
 t - the +2 buckler of Yredelemnul's Approval (worn) {+Inv rCorr Stlth-}
   (You found it on level 4 of the Dungeon)

   +Inv:      It lets you turn invisible.
   rCorr:     It protects you from acid and corrosion.
   Stlth:     It makes you less stealthy.
 A - a +1 pair of boots (worn)
Magical Staves
 E - a staff of air
Jewellery
 e - the ring "Quurgh" (left hand) {rElec EV+4 SInv}
   (You found it on level 2 of the Dungeon)

   [ring of evasion]

   EV:        It affects your evasion (+4).
   rElec:     It insulates you from electricity.
   SInv:      It lets you see invisible.
 f - a ring of flight
 i - a ring of protection from cold
 j - the amulet of Untruth (around neck) {Reflect Dex+4 SH+5}
   (You acquired it on level 6 of the Dungeon)

   [amulet of reflection]

   It reflects blocked missile attacks.
   Dex:       It affects your dexterity (+4).
   SH:        It affects your SH (+5).
 s - a ring of protection from cold
 y - a ring of protection from cold
 B - a ring of wizardry (right hand)
Wands
 G - a wand of iceblast (3)
 I - a wand of mindburst (6)
Scrolls
 p - 2 scrolls of teleportation
 w - 3 scrolls of immolation
 D - a scroll of blinking
Potions
 b - 2 potions of heal wounds
 k - a potion of resistance
 l - 3 potions of attraction
 n - 3 potions of mutation
 o - a potion of cancellation
 q - 4 potions of lignification
 r - 2 potions of haste
 u - 8 potions of curing
 v - 2 potions of brilliance
 x - 5 potions of berserk rage
 z - a potion of invisibility
 F - 2 potions of flight
 H - a potion of ambrosia


   Skills:
 - Level 4.9 Fighting
 - Level 3.0 Polearms
 - Level 3.3 Dodging
 - Level 6.3 Stealth
 - Level 6.2 Shields
 + Level 9.1 Spellcasting
 - Level 7.0 Conjurations
 - Level 3.9 Necromancy
 + Level 8.8 Fire Magic
 - Level 3.6 Ice Magic


You had 10 spell levels left.
You knew the following spells:

 Your Spells              Type           Power      Damage    Failure   Level
a - Foxfire               Conj/Fire      100%       2x1d9     1%          1
b - Scorch                Fire           100%       2d10      1%          2
c - Ozocubu's Armour      Ice            29%        N/A       1%          3
d - Flame Wave            Conj/Fire      50%        2d10      1%          4
e - Vampiric Draining     Necr           31%        2d8       1%          3
f - Sticky Flame          Conj/Fire      50%        2d7       1%          4

Your spell library contained the following spells:

 Spells                   Type           Power      Damage    Failure   Level
 Animate Skeleton         Necr           62%        N/A       1%          1
 Freeze                   Ice            100%       1d11      1%          1
 Pain                     Necr           100%       1d9       1%          1
 Conjure Flame            Conj/Fire      50%        6-21      1%          3
 Inner Flame              Hex/Fire       33%        N/A       1%          3
 Stone Arrow              Conj/Erth      58%        3d10      1%          3
 Beastly Appendage        Tmut           22%        N/A       2%          1
 Ignite Poison            Fire/Tmut/Pois 26%        N/A       2%          3
 Wereblood                Tmut           11%        N/A       4%          2
 Spider Form              Tmut/Pois      11%        N/A       9%          3
 Summon Ice Beast         Ice/Summ       20%        N/A       13%         4
 Starburst                Conj/Fire      25%        6d8       16%         6
 Cause Fear               Hex            5%         N/A       26%         4
 Summon Lightning Spire   Summ/Air       11%        N/A       26%         4
 Metabolic Englaciation   Hex/Ice        10%        N/A       32%         5
 Summon Forest            Summ/Tloc      5%         N/A       56%         5
 Summon Mana Viper        Hex/Summ       11%        N/A       56%         5
 Simulacrum               Ice/Necr       15%        N/A       61%         6
 Summon Cactus Giant      Summ           5%         N/A       98%         6
 Monstrous Menagerie      Summ           5%         N/A       100%        7
 Storm Form               Tmut/Air       5%         N/A       100%        7
 Discord                  Hex            5%         N/A       100%        8
 Maxwell's Capacitive Co  Air            5%         ∞         100%        8


Dungeon Overview and Level Annotations

Branches:
Dungeon (10/15)            Temple (0/1) D:6           Sewer (visited)
 Bailey (1/1)
   Lair: D:8-11         Orc: D:9-12

Altars:
Ashenzari
Dithmenos
Fedhas
Kikubaaqudgha
Makhleb
Okawaru
Ru
Vehumet
Yredelemnul
Zin
The Shining One

Shops:
D:9 *

Annotations:
D:3 Natasha


Message History

The orc sorcerer gestures wildly while chanting.
The foxfire hits the orc sorcerer but does no damage.
The orc sorcerer is lightly wounded.
Casting: Foxfire (safe; 1% risk of failure)
Confirm with . or Enter, or press ? or * to list all spells.
You conjure some foxfire!
The foxfire hits the orc sorcerer.
The orc sorcerer is lightly wounded.
The orc sorcerer casts a spell.
The foxfire hits the ice devil.
The ice devil is lightly wounded.
The foxfire hits the ice devil.
The ice devil is burned terribly!
The ice devil is lightly wounded.
Casting: Foxfire (safe; 1% risk of failure)
Confirm with . or Enter, or press ? or * to list all spells.
Flames lash the ice devil.
The ice devil is burned terribly!
The ice devil is moderately wounded.
The ice devil's fire resistance burns away.
Casting: Scorch (safe; 1% risk of failure)
Confirm with . or Enter, or press ? or * to list all spells.
Flames lash the orc sorcerer.
The orc sorcerer is heavily wounded.
The orc sorcerer's fire resistance burns away.
The ice devil barely misses you.
Casting: Scorch (safe; 1% risk of failure)
Confirm with . or Enter, or press ? or * to list all spells.
Flames lash the ice devil but do no damage.
The ice devil hits you! The ice devil freezes you!!
Casting: Scorch (safe; 1% risk of failure)
Confirm with . or Enter, or press ? or * to list all spells.
Flames lash the hellwing.
The hellwing is lightly wounded.
The hellwing's fire resistance burns away.
The orc sorcerer gestures at you while chanting.
The bolt of negative energy hits the ice devil.
The ice devil completely resists.
The bolt of negative energy hits you!!
You feel drained.
Ouch! That really hurt!
* * * LOW HITPOINT WARNING * * *
The ice devil hits you.
You die...

.# .# .∩≈≈≈≈≈≈ .#
#.≈≈≈≈≈≈ .#
##.≈≈≈≈≈≈ ###
#.≈≈≈≈≈≈ ..#
#.≈≈≈≈ ..# #o4≈
..##############4#
8.8.8.'.))..#...@#
......#.....'....#
#############..#+#
........'..#
≈≈≈≈≈≈≈≈####
≈≈≈≈≈≈≈≈≈≈≈≈≈≈≈
≈≈≈≈≈≈≈≈≈≈≈≈≈≈≈
≈≈≈≈≈≈≈≈≈≈≈≈≈≈≈
≈≈≈≈≈≈≈≈≈≈≈≈≈≈≈


You could see a hellwing (summoned, combustible), an ice devil (summoned,
combustible) and an orc sorcerer (combustible).

Vanquished Creatures
  A two-headed ogre (D:4)
  An unseen horror (D:9)
  Grinder (D:3)
  A hornet (D:6)
  6 yaks (D:9)
  Menkaure (D:5)
  3 water moccasins
  8 orc warriors
  A sky beast (D:7)
  An ice beast (D:6)
  2 ogres
  4 black bears
  2 centaurs
  A phantom (D:5)
  A kobold brigand (D:9)
  3 bullfrogs
  2 necrophages
  A scorpion (D:7)
  17 wights
  2 electric eels (Bailey)
  A hound (D:4)
  2 jellies
  3 gnoll shamans
  3 orc priests
  4 iguanas
  Ijyb (D:3)
  Terence (D:3)
  Natasha (D:3)
  14 orc wizards
  13 gnolls
  8 adders
  2 white imps
  An ufetubus (D:6)
  A worm (D:4)
  3 dart slugs
  37 orcs
  11 ball pythons
  8 bats
  7 endoplasms
  2 giant cockroaches
  11 goblins
  9 hobgoblins
  3 jackals (D:4)
  14 kobolds
  3 quokkas
  4 frilled lizards
  3 rats
229 creatures vanquished.

Vanquished Creatures (others)
  435 foxfires
435 creatures vanquished.

Grand Total: 664 creatures vanquished

Notes
Turn   | Place    | Note
-------+----------+-------------------------------------------
     0 | D:1      | Ijustatesigmund the Deep Elf Fire Elementalist began the
                  | quest for the Orb.
     0 | D:1      | Reached XP level 1. HP: 10/10 MP: 6/6
   185 | D:1      | Reached XP level 2. HP: 15/15 MP: 2/8
   957 | D:2      | Learned a level 2 spell: Scorch
  1001 | D:2      | Reached XP level 3. HP: 19/19 MP: 5/9
  1005 | D:2      | Learned a level 3 spell: Ozocubu's Armour
  1198 | D:2      | Identified the ring "Quurgh" {rElec EV+4 SInv}
  1477 | D:2      | Reached skill level 1 in Ice Magic
  1680 | D:3      | Found an ancient bone altar of Kikubaaqudgha.
  1682 | D:3      | Noticed Ijyb
  1685 | D:3      | Reached XP level 4. HP: 24/24 MP: 7/10
  1689 | D:3      | Killed Ijyb
  1821 | D:3      | Noticed Terence
  1956 | D:3      | Killed Terence
  2004 | D:3      | Reached XP level 5. HP: 28/28 MP: 9/11
  2045 | D:3      | Found a faded altar of an unknown god.
  2139 | D:3      | Noticed a black bear
  2146 | D:3      | Killed a black bear
  2147 | D:3      | Reached skill level 5 in Fire Magic
  2356 | D:3      | Found a burning altar of Makhleb.
  2399 | D:3      | Noticed Grinder
  2404 | D:3      | Killed Grinder
  2405 | D:3      | Reached XP level 6. HP: 32/32 MP: 3/12
  2622 | D:3      | Noticed Natasha
  2624 | D:3      | Killed Natasha
  2669 | D:3      | Noticed Natasha
  2903 | D:4      | Reached skill level 5 in Conjurations
  2903 | D:4      | Reached XP level 7. HP: 29/36 MP: 4/13
  3192 | D:4      | Identified the +2 buckler of Yredelemnul's Approval {+Inv
                  | rCorr Stlth-}
  3359 | D:4      | Found a glowing drain.
  3363 | Sewer    | Entered a sewer
  4172 | D:4      | Learned a level 4 spell: Flame Wave
  4199 | D:4      | Found a blossoming altar of Fedhas.
  4393 | D:4      | Reached skill level 1 in Fighting
  4393 | D:4      | Reached skill level 1 in Shields
  4550 | D:4      | Reached XP level 8. HP: 43/43 MP: 5/15
  4942 | D:4      | Reached skill level 4 in Spellcasting
  4979 | D:4      | Noticed a two-headed ogre
  5008 | D:5      | Entered Level 5 of the Dungeon
  5716 | D:5      | Got the Papyrus of the Hurtful Frostbite
  5727 | D:5      | Found a basalt altar of Yredelemnul.
  6170 | D:5      | Noticed Menkaure
  6177 | D:5      | Killed Menkaure
  6178 | D:5      | Reached skill level 5 in Spellcasting
  6178 | D:5      | Identified the +12 spear of Impatience {pain, rF- rN+ Str+6
                  | SInv}
  6931 | D:4      | Killed a two-headed ogre
  6932 | D:4      | Reached skill level 6 in Spellcasting
  6932 | D:4      | Reached XP level 9. HP: 14/51 MP: 13/20
  6939 | D:4      | Learned a level 3 spell: Vampiric Draining
  7208 | D:4      | Reached skill level 1 in Necromancy
  7570 | D:6      | Reached skill level 5 in Shields
  8174 | D:6      | Found a staircase to the Ecumenical Temple.
  8238 | D:6      | Reached skill level 7 in Spellcasting
  8747 | D:6      | Found a shadowy altar of Dithmenos.
  9117 | D:6      | Found an iron altar of Okawaru.
  9160 | D:6      | Identified a scroll of acquirement
  9160 | D:6      | Acquired the amulet of Untruth {Reflect Dex+4 SH+5}
  9583 | D:7      | Reached skill level 5 in Stealth
  9678 | D:7      | Reached XP level 10. HP: 56/56 MP: 18/23
 10139 | D:7      | Found a broken altar of Ashenzari.
 10427 | D:8      | Identified the +4 war axe of Dithmenos's Hope {freeze,
                  | +Blink rC- rN+ Int+6}
 10440 | D:8      | Reached skill level 1 in Polearms
 11872 | D:9      | Found a glowing silver altar of Zin.
 11872 | D:9      | Found Zin's Purification Station.
 11951 | D:9      | Learned a level 4 spell: Sticky Flame
 12126 | D:9      | Found a glowing golden altar of the Shining One.
 12418 | D:9      | Found a sacrificial altar of Ru.
 12442 | D:9      | Reached skill level 8 in Spellcasting
 12619 | D:10     | Entered Level 10 of the Dungeon
 12665 | D:10     | Found a radiant altar of Vehumet.
 12699 | D:10     | Found a flagged portal.
 12718 | Bailey   | Entered a bailey
 12796 | Bailey   | Reached skill level 9 in Spellcasting
 12980 | Bailey   | Noticed an orc sorcerer
 12991 | Bailey   | HP: 2/55 [orc sorcerer/bolt of negative energy (30)]
 12991 | Bailey   | Slain by an ice devil

Illustrated notes

Levels and vault maps discovered:
D:1:      mushboom_english_gardens, layout_loops_ring, minmay_tromino_v2
D:2:      layout_rooms
D:3:      layout_rooms, bloody_makhleb, amcnicky_altar_gilded,
          hellmonk_ecumenical_altar_leap_of_faith, uniq_grinder, uniq_natasha,
          uniq_terence, uniq_ijyb
D:4:      layout_loops_corners, fedhas_altar_fruit_tree, gup_sewer_entry_bowl,
          minmay_manual_mess
D:5:      layout_loops_cross, mainiacjoe_overflow_concentric_impassable,
          grunt_decor_clamped, uniq_menkaure
D:6:      layout_gridville, okawaru_metal_pillars_3, marbit_many_paths,
          minmay_temple_entry_junction, minmay_a_box_with_orc_wizards_in_it
D:7:      layout_basic, ashenzari_altar_1
D:8:      layout_rooms, minmay_misc_feat_square, dk_noncrumbling_4
D:9:      layout_loops_ring, tso_oasis_becter, nicolae_ru_path_of_blood,
          zin_purify
D:10:     layout_layer_cave, nicolae_hepliaklqana_hazy_memory,
          lemuel_blue_sif_altar, old_standard_altar, orc_0_dummy, enter_bailey_4
Bailey:   bailey_axe_of_yendor_kennysheep, bailey

Skill      XL: |  1  2  3  4  5  6  7  8  9 10 |
---------------+-------------------------------+-----
Conjurations   | 2 3 4 5 7 |  7.0
Fire Magic     | 4 5 6 7 8 |  8.8
Ice Magic      | 1 2 3 |  3.6
Dodging        | 3 |  3.3
Fighting       | 1 3 4 |  4.9
Shields        | 1 4 6 |  6.2
Spellcasting   | 6 7 9 |  9.1
Necromancy     | 3 |  3.9
Stealth        | 5 6 |  6.3
Polearms       | 3 |  3.0

Action                   |  1- 3 |  4- 6 |  7- 9 | 10-12 || total
-------------------------+-------+-------+-------+-------++-------
Melee: Spear             |       |       |       |    19 ||    19
 Cast: Foxfire           |    49 |    40 |    98 |    85 ||   272
       Scorch            |     1 |    17 |   112 |    45 ||   175
       Ozocubu's Armour  |       |       |     1 |       ||     1
       Flame Wave        |       |       |     2 |     9 ||    11
       Sticky Flame      |       |       |       |     2 ||     2
Evoke: Wand              |       |       |     3 |       ||     3
  Use: Scroll            |     4 |     4 |    14 |     8 ||    30
       Potion            |       |     1 |     2 |       ||     3
Armor: Robe              |     1 |     4 |    11 |     6 ||    22
Dodge: Dodged            |     7 |    22 |    61 |    24 ||   114
Block: Buckler           |       |       |    34 |    51 ||    85
       Reflection        |       |       |       |     3 ||     3

Table legend: (Time is in decaauts)
 A = Elapsed time spent in this place.
 B = Non-inter-level travel time spent in this place.
 C = Inter-level travel time spent in this place.
 D = Time resting spent in this place.
 E = Time spent auto-exploring this place.
 F = Levels seen in this place.
 G = Mean time per level.
                   A        B        C        D        E       F      G
               +--------+--------+--------+--------+--------+-----+--------+
         Total |  12978 |  12666 |    312 |   4402 |   6561 |  12 | 1081.5 |
       Dungeon |  12112 |  11800 |    312 |   3775 |   6457 |  10 | 1211.2 |
         Sewer |    592 |    592 |      0 |    487 |     69 |   1 |  592.0 |
        Bailey |    273 |    273 |      0 |    140 |     34 |   1 |  273.0 |
               +--------+--------+--------+--------+--------+-----+--------+

Top non-repeatable levels by time:
     D:4: 2141 daAuts
     D:5: 1921 daAuts
     D:6: 1832 daAuts
     D:9: 1249 daAuts
     D:7: 1148 daAuts
     D:3: 1002 daAuts
     D:2: 975 daAuts
     D:1: 905 daAuts
     D:8: 834 daAuts
   Sewer: 592 daAuts
  Bailey: 273 daAuts
    D:10: 102 daAuts
